 Dungeon Crawl Stone Soup version 0.19.0-20-gbc5f0c6 (webtiles) character file.

466 Jerry the Ruffian (level 6, 0/88 HPs)
             Began as a Troll Monk on Nov 18, 2016.
             Succumbed to a killer bee's poison
             ... on level 3 of the Dungeon.
             The game lasted 00:05:00 (1830 turns).

Jerry the Ruffian (Troll Monk)                      Turns: 1830, Time: 00:05:01

Health: 0/88       AC: 23    Str: 25    XL:     6   Next: 81%
Magic:  14/14      EV:  1    Int: 11    God:
Gold:   97         SH:  0    Dex: 14    Spells: 0 memorised, 5 levels left

rFire  . . .     SeeInvis +       - Unarmed
rCold  . . .     Gourm    +     (armour currently unavailable)
rNeg   + + +     Faith    .     (no shield)
rPois  +         Spirit   .     (helmet currently unavailable)
rElec  .         Reflect  .     (cloak currently unavailable)
rCorr  .         Harm     .     (gloves unavailable)
MR     .....     NoTele   +     (boots unavailable)
Stlth  ++........               (no amulet)
                                c - ring of magical power
                                k - ring of see invisible

@: mighty, brilliant, lethally poisoned (0 -> 0), tree-form
A: unfitting armour, (claws 0), fast metabolism 3, gourmand, regeneration 1,
(shaggy fur 0), (tough skin 0)
a: no special abilities


You were on level 3 of the Dungeon.
You were completely stuffed.
You were a tree.
You visited 1 branch of the dungeon, and saw 3 of its levels.

You collected 97 gold pieces.

Inventory:

Armour
 a - a +0 robe
 h - a +2 robe of cold resistance (melded)
Jewellery
 c - a ring of magical power (right branch)
 k - a ring of see invisible (left branch)
Scrolls
 j - a scroll of immolation {unknown}
 m - a scroll of enchant armour {unknown}
Potions
 d - a potion of cancellation
Comestibles
 b - 2 bread rations
 f - 2 fruits
 l - 2 chunks of flesh


   Skills:
 - Level 2.4 Fighting
 + Level 4.3 Dodging
 - Level 1.0 Stealth
 * Level 6.4 Unarmed Combat


You had 5 spell levels left.
You didn't know any spells.

Dungeon Overview and Level Annotations

Branches:
Dungeon (3/15)

Altars:


Innate Abilities, Weirdness & Mutations

You are too large for most types of armour.
((You have claws for hands.))
Your metabolism is lightning-fast.
You like to eat raw meat.
Your natural rate of healing is unusually fast.
((You are covered in fur. (AC +1)))
((You have very tough skin. (AC +2)))


Message History

You feel sick.
The killer bee stings you but does no damage. x2
You smack the killer bee!
You kill the killer bee!
* * * LOW HITPOINT WARNING * * *
You feel sick.
* * * LOW HITPOINT WARNING * * *
You feel sick.
* * * LOW HITPOINT WARNING * * *
You feel sick.
It was a potion of might.
You feel very mighty all of a sudden.
* * * LOW HITPOINT WARNING * * *
You feel sick.
Okay, then.
* * * LOW HITPOINT WARNING * * *
You feel sick.
* * * LOW HITPOINT WARNING * * *
You feel sick.
You die...

#.....########...........#.......
##.<.## #...#.##.........#..
##### ##.##.##......#..#.#
#.##............#.#
#.#####..#.###.##.#
#..............##.#
#.########.######.. #.####
###.### ### #.♣†.# #.^...# #
#######.# #.....# #.......#
#.....# #.####.y# #.....# #.y#
#.....# .y.# ####### ##.## #.#
...


There were no monsters in sight!

Vanquished Creatures
  Sigmund (D:2)
  The ghost of Minion the Chopper, a weakling MiGl (D:3)
  4 killer bees (D:3)
  Natasha (D:3)
  2 adders (D:2)
  An ooze (D:1)
  A worm (D:2)
  2 dart slugs (D:1)
  A leopard gecko (D:3)
  An orc (D:3)
  4 giant cockroaches
  3 goblins
  5 hobgoblins
  3 kobolds
  2 quokkas (D:3)
  3 bats
  3 frilled lizards
  7 rats
45 creatures vanquished.

Notes
Turn   | Place    | Note
-------+----------+-------------------------------------------
     0 | D:1      | Jerry the Troll Monk began the quest for the Orb.
     0 | D:1      | Reached XP level 1. HP: 22/22 MP: 0/0
   143 | D:1      | Reached XP level 2. HP: 29/29 MP: 1/1
   579 | D:2      | Reached XP level 3. HP: 25/36 MP: 2/2
   653 | D:2      | Noticed Sigmund
   667 | D:2      | Killed Sigmund
   667 | D:2      | Reached skill level 5 in Unarmed Combat
   667 | D:2      | Reached XP level 4. HP: 44/44 MP: 3/3
   667 | D:2      | Reached XP level 5. HP: 50/50 MP: 4/4
   924 | D:2      | Found a faded altar of an unknown god.
  1384 | D:3      | Noticed Minion's ghost (weakling MiGl)
  1404 | D:3      | Killed Minion's ghost
  1502 | D:3      | Noticed Natasha
  1509 | D:3      | Killed Natasha
  1509 | D:3      | Reached XP level 6. HP: 34/59 MP: 5/5
  1744 | D:3      | Reached skill level 6 in Unarmed Combat
  1820 | D:3      | HP: 3/88 [killer bee (2)]
  1825 | D:3      | HP: 1/88 [poisoned by a killer bee]
  1830 | D:3      | Succumbed to a killer bee's poison

Skill      XL: |  1  2  3  4  5  6 |
---------------+-------------------+-----
Dodging        | 3 4 |  4.3
Unarmed Combat | 5 6 |  6.4
Fighting       | |  2.4
Stealth        | |  1.0

Action                   |  1- 3 |  4- 6 || total
-------------------------+-------+-------++-------
Melee: Unarmed           |    46 |   106 ||   152
       Punch             |     2 |     1 ||     3
  Use: Scroll            |       |     6 ||     6
       Potion            |       |     3 ||     3
 Stab: Sleeping          |     4 |     2 ||     6
       Distracted        |     1 |       ||     1
  Eat: Chunk             |    11 |    11 ||    22
Armor: Robe              |     7 |    26 ||    33
       Skin              |       |     5 ||     5
Dodge: Dodged            |    17 |    67 ||    84
